 Dungeon Crawl Stone Soup version 0.17-a0-1914-gde4187c (webtiles) character file.

1717 mcbry74 the Martial Artist (level 8, -4/58 HPs)
             Began as a Vampire Monk on Sept 26, 2015.
             Was a Follower of Cheibriados.
             Killed by divine providence
             ... invoked by an orc priest
              (9 damage)
             ... on level 6 of the Dungeon.
             The game lasted 00:43:02 (7733 turns).

mcbry74 the Martial Artist (Vampire Monk)           Turns: 7733, Time: 00:43:02

Health: -4/58      AC:  0    Str:  9    XL:     8   Next: 74%
Magic:  0/9        EV: 30    Int: 18    God:    Cheibriados [*.....]
Gold:   346        SH:  0    Dex: 25    Spells: 0 memorised, 9 levels left

rFire  . . .     SeeInvis +       - Unarmed
rCold  + . .     Clarity  .     (armour currently unavailable)
rNeg   + + .     SustAt   .     (shield currently unavailable)
rPois  +         Gourm    .     (helmet currently unavailable)
rElec  .         Spirit   .     (cloak currently unavailable)
rCorr  .         Warding  .     (gloves currently unavailable)
rMut   .         Stasis   .     (boots currently unavailable)
MR     .....                    (no amulet)
Stlth  +++++.....               (ring currently unavailable)
                                (ring currently unavailable)

@: bat-form, flying, regenerating slowly, quick, not resistant to hostile
enchantments, quite stealthy
A: (fangs 0), (hooves 0), (horns 0), see invisible, clever 1, screaming 1,
(unbreathing)
a: End Transformation, Bend Time, Renounce Religion


You were on level 6 of the Dungeon.
You worshipped Cheibriados.
Cheibriados was aware of your devotion.
You were thirsty.
You were in vampire-bat-form.
You visited 1 branch of the dungeon, and saw 6 of its levels.

You collected 346 gold pieces.

Inventory:

Missiles
 e - 2 tomahawks (quivered)
Armour
 a - a +1 robe (melded)
Jewellery
 p - a +5 ring of intelligence (melded)
 u - a +5 ring of intelligence (melded)
Magical devices
 r - a wand of fire (9)
Scrolls
 b - a scroll of fog
 d - 7 scrolls of identify
 f - 2 scrolls of noise
 i - 2 scrolls of magic mapping
 k - a scroll of remove curse
 o - a scroll of fear
 q - 2 scrolls of teleportation
 w - a scroll of enchant armour
Potions
 c - 3 potions of curing
 g - a potion of ambrosia
 h - 2 potions of heal wounds
 j - 3 potions of degeneration
 l - a potion of lignification {unknown}
 m - a potion of invisibility {unknown}
 s - 6 potions of blood
 t - a potion of magic {unknown}
Books
 n - a book of the Warp

   Spells                             Type                      Level
   a - Recall                         Summoning/Translocation      3
   b - Gell's Gravitas                Hexes/Translocation          3
   c - Force Lance                    Conjuration/Translocation    4
   d - Phase Shift                    Translocation                5
   e - Warp Weapon                    Charms/Translocation         5
   f - Summon Forest                  Summoning/Translocation      5


   Skills:
 - Level 3.0 Fighting
 + Level 7.4 Dodging
 + Level 7.7 Stealth
 * Level 9.7 Unarmed Combat
 * Level 1.0 Spellcasting
 + Level 0.5 Invocations


You had 9 spell levels left.
You didn't know any spells.

Dungeon Overview and Level Annotations

Branches:
Dungeon (6/15)
 Temple: D:4-7

Altars:
Ashenzari
Cheibriados
Elyvilon
Gozag
Xom

Shops:
D:4 }


Innate Abilities, Weirdness & Mutations

You heal slowly.
((You have razor-sharp teeth.))
You have supernaturally acute eyesight.
((You can survive without breathing.))
((You have large cloven feet.))
((You have a pair of horns on your head.))
Your mind is acute. (Int +2)
You occasionally shout uncontrollably at your foes.


Message History

The wight is moderately damaged.
The orc warrior misses you.
The orc priest calls down the wrath of Beogh upon you.
Something smites you!
* * * LOW HITPOINT WARNING * * *
The wight hits you with a halberd!
* * * LOW HITPOINT WARNING * * *
Unknown command.
Use which ability?
You turn into a vampire bat.
Your +1 robe melds into your body.
Your +5 ring of intelligence melds into your body. x2
You feel stupid. x2
The orc priest hits you with a dagger.
* * * LOW HITPOINT WARNING * * *
The wight completely misses you.
Things that are here:
a flail of holy wrath; a leather armour; an orc corpse The orc priest mumbles some strange prayers to Beogh against you.
Something smites you!
You die...

....##
#...###
....#
#.....#
....#
#...#.#
..###
###.#.#
.##
#.#.#
.#
#.#.#
.#
#.#.#
#[#.#
#.#b#
#)# #o#


#ozo# #o#.# .....# #.# .## #. #. # #. You could see a wight, an orc priest and
an orc wizard.

Vanquished Creatures
  Grinder (D:4)
  Eustachio (D:6)
  4 phantoms
  3 ogres
  A centaur (D:5)
  A giant frog (D:6)
  A wight (D:6)
  A crimson imp (D:4)
  A hound (D:5)
  A gnoll shaman (D:5)
  An orc priest (D:4)
  A giant frog zombie (D:5)
  A giant frog skeleton (D:5)
  An orc wizard (D:4)
  3 worker ants
  An iguana (D:4)
  A hound skeleton (D:4)
  A worker ant zombie (D:4)
  6 adders
  8 gnolls (D:5)
  A shadow imp (D:3)
  An ooze (D:4)
  An adder skeleton (D:4)
  3 worms
  2 giant geckos
  16 orcs
  A ball python (D:3)
  4 giant cockroaches
  7 hobgoblins
  7 kobolds
  3 quokkas
  9 bats
  A giant gecko zombie (D:6)
  3 giant newts
  8 goblins
  7 rats
113 creatures vanquished.

Notes
Turn   | Place    | Note
--------------------------------------------------------------
     0 | D:1      | mcbry74 the Vampire Monk began the quest for the Orb.
     0 | D:1      | Reached XP level 1. HP: 17/17 MP: 1/1
   232 | D:1      | Reached XP level 2. HP: 20/23 MP: 2/2
  1078 | D:2      | Reached XP level 3. HP: 26/28 MP: 3/3
  1457 | D:2      | Found a shattered altar of Ashenzari.
  1669 | D:3      | Reached skill level 5 in Unarmed Combat
  1871 | D:3      | Reached XP level 4. HP: 35/35 MP: 4/4
  1930 | D:3      | Found a white marble altar of Elyvilon.
  2164 | D:3      | Reached skill level 5 in Stealth
  2244 | D:3      | Found a shimmering altar of Xom.
  3103 | D:4      | Reached XP level 5. HP: 30/41 MP: 5/5
  3352 | D:4      | Reached skill level 6 in Stealth
  3359 | D:4      | Noticed an ogre
  3383 | D:4      | Killed an ogre
  3383 | D:4      | Reached XP level 6. HP: 43/47 MP: 6/6
  3450 | D:4      | Found Wyracvu's Gadget Boutique.
  3971 | D:4      | Noticed a phantom
  4002 | D:4      | Killed a phantom
  4002 | D:4      | Reached skill level 5 in Dodging
  4557 | D:4      | Found an opulent altar of Gozag.
  4683 | D:4      | Reached skill level 7 in Unarmed Combat
  4683 | D:4      | Reached XP level 7. HP: 13/52 MP: 7/7
  5004 | D:4      | Noticed Grinder
  5035 | D:4      | Paralysed by Grinder for 2 turns
  5040 | D:4      | Killed Grinder
  5817 | D:5      | Entered Level 5 of the Dungeon
  5854 | D:5      | Reached skill level 8 in Unarmed Combat
  6063 | D:5      | Reached XP level 8. HP: 51/58 MP: 8/8
  7042 | D:5      | Found a snail-covered altar of Cheibriados.
  7049 | D:5      | Became a worshipper of Cheibriados the Contemplative
  7049 | D:5      | Acquired Cheibriados's first power
  7096 | D:5      | Reached skill level 9 in Unarmed Combat
  7527 | D:6      | Gained mutation: You have large cloven feet. [potion of mutation]
  7527 | D:6      | Gained mutation: Your mind is acute. (Int +2) [potion of mutation]
  7528 | D:6      | Gained mutation: You have a pair of small horns on your head. [potion of mutation]
  7528 | D:6      | Gained mutation: You have a pair of horns on your head. [potion of mutation]
  7528 | D:6      | Gained mutation: You occasionally shout uncontrollably at your foes. [potion of mutation]
  7650 | D:6      | Noticed Eustachio
  7661 | D:6      | Killed Eustachio
  7723 | D:6      | Reached skill level 1 in Spellcasting
  7733 | D:6      | Killed from afar by an orc priest

Vault maps used:
D:1:      elethiomel_arrival_shortcut
D:2:      ashenzari_altar_1, first_bread
D:3:      nicolae_overflow_crystal_walls, elyvilon_altar_5
D:4:      serial_shops, nicolae_shop_stone, minmay_liquid_box,
          nicolae_gozag_seed_capital, uniq_grinder
D:5:      cheibriados_altar_1
D:6:      nemelex_deck, serial_shops, shop, uniq_eustachio

Action                   |  1- 3 |  4- 6 |  7- 9 || total
-------------------------+-------+-------+-------++-------
Melee: Unarmed           |    84 |   225 |   198 ||   507
Invok: Bend Time         |       |       |     7 ||     7
 Abil: Bat Form          |       |       |     1 ||     1
  Use: Scroll            |     6 |       |    11 ||    17
       Potion            |       |     3 |     5 ||     8
 Stab: Sleeping          |     9 |    12 |     6 ||    27
       Distracted        |       |       |     1 ||     1
  Eat: Corpse            |     3 |     2 |     5 ||    10
